 Dungeon Crawl Stone Soup version 0.16.2-12-gd0ad4c3 (webtiles) character file.

110 dvd the Sneak (level 4, -1/28 HPs)
             Began as an Octopode Ice Elementalist on Oct 21, 2015.
             Slain by an orc (3 damage)
             ... on level 3 of the Dungeon.
             The game lasted 00:13:53 (3721 turns).

dvd the Sneak (Octopode Ice Elementalist)           Turns: 3721, Time: 00:13:53

Health: -1/28      AC:  6    Str:  7    XL:     4   Next: 91%
Magic:  7/8        EV: 12    Int: 17    God:
Gold:   145        SH:  0    Dex: 13    Spells: 3 memorised, 2 levels left

rFire  + . .     SeeInvis .       - Unarmed
rCold  . . .     Clarity  .     (no shield)
rNeg   + . .     SustAb   .     (helmet restricted)
rPois  .         Gourm    .     d - amulet of rage
rElec  .         Spirit   .     f - ring of protection from fire
rCorr  .         Warding  .     m - ring of wizardry
rMut   .         Stasis   .     l - ring of positive energy
MR     .....                    (no ring)
Stlth  ++++......               (no ring)
                                (no ring)
                                (no ring)
                                (no ring)

@: icy armour (expiring), invisible, not resistant to hostile enchantments,
stealthy
A: almost no armour, amphibious, 8 rings, constrict 8, camouflage 1, gelatinous
body 1
a: Evoke Berserk Rage


You were on level 3 of the Dungeon.
You were not hungry.

You visited 1 branch of the dungeon, and saw 3 of its levels.

You collected 145 gold pieces.

Inventory:

Hand weapons
 h - a +0 short sword
 t - a +0 hunting sling of evasion
Missiles
 u - 20 stones (quivered)
Armour
 a - a +0 shield
Jewellery
 d - an amulet of rage (around mantle)
 f - a ring of protection from fire (left tentacle)
 l - a ring of positive energy (on tentacle)
 m - a ring of wizardry (right tentacle)
Scrolls
 i - 7 scrolls of identify {unknown}
 k - a scroll of teleportation {unknown}
 r - a scroll of remove curse
 v - 2 scrolls of immolation {unknown}
Potions
 n - a potion of mutation {unknown}
 o - a potion of heal wounds {unknown}
Books
 b - a book of Frost

   Spells                             Type                      Level
   a - Freeze                         Ice                          1
   b - Throw Frost                    Conjuration/Ice              2
   c - Ozocubu's Armour               Charms/Ice                   3
   d - Throw Icicle                   Conjuration/Ice              4
   e - Summon Ice Beast               Ice/Summoning                4
   f - Condensation Shield            Ice                          4
Comestibles
 c - 4 bread rations
 g - a beef jerky
 j - a meat ration
 p - a royal jelly
 q - 3 chunks of flesh
 s - 3 fruits


   Skills:
 + Level 1.0 Fighting
 + Level 2.4 Dodging
 + Level 3.9 Stealth
 + Level 1.0 Unarmed Combat
 * Level 2.5 Spellcasting
 + Level 1.0 Conjurations
 + Level 0.8 Charms
 + Level 3.8 Ice Magic


You had 2 spell levels left.
You knew the following spells:

 Your Spells              Type           Power        Failure   Level  Hunger
a - Freeze                Ice            ###.         1%          1    #......
b - Throw Frost           Conj/Ice       ##....       4%          2    ##.....
c - Ozocubu's Armour      Chrm/Ice       #.......     10%         3    ###....


Dungeon Overview and Level Annotations

Branches:
Dungeon (3/15)

Altars:


Innate Abilities, Weirdness & Mutations

You cannot wear most types of armour.
You are amphibious.
You can wear up to eight rings at the same time.
You can use your tentacles to constrict many enemies at once.
Your skin changes colour to match your surroundings (Stealth).
Your rubbery body absorbs attacks (AC +1).


Message History

The orc is moderately wounded.
The orc priest becomes somewhat translucent.
The orc hits you but does no damage.
The orc priest hits you but does no damage.
The orc hits you.
You tentacle-slap the orc priest but do no damage.
Your grab misses the orc priest. The orc hits you but does no damage.
You tentacle-slap the orc priest but do no damage.
Your grab misses the orc priest.
Your icy armour starts to melt.
The orc priest hits you with a hand axe!
* * * LOW HITPOINT WARNING * * *
The orc barely misses you.
Drink which item? (? for menu, Esc to quit)
It was a potion of invisibility.
You fade into invisibility!
The orc priest barely misses you.
The kobold throws a stone.
The stone barely misses the orc priest.
The stone completely misses you.
The stone hits the orc.
The orc hits you.
You die... #.# #.# #S# ooK

#.# #.#
#o########..#
#SKo........#
####@o.....>#
#.########
#.# #.# #.#
#.# #.# #.#
#.#


You could see an orc priest, an adder, 2 orcs and a kobold.

Vanquished Creatures
  4 adders
  2 giant geckos (D:2)
  An ooze (D:1)
  An orc (D:3)
  2 ball pythons (D:2)
  2 giant cockroaches
  11 goblins
  10 hobgoblins
  4 jackals (D:1)
  A quokka (D:2)
  8 bats
  3 giant newts
  8 kobolds
  11 rats
68 creatures vanquished.

Notes
Turn   | Place    | Note
--------------------------------------------------------------
     0 | D:1      | dvd, the Octopode Ice Elementalist, began the quest for the Orb.
     0 | D:1      | Reached XP level 1. HP: 11/11 MP: 3/3
   356 | D:1      | Reached XP level 2. HP: 13/17 MP: 2/4
   444 | D:1      | Learned a level 2 spell: Throw Frost
  1044 | D:1      | Reached XP level 3. HP: 13/21 MP: 1/6
  1255 | D:1      | Learned a level 3 spell: Ozocubu's Armour
  2673 | D:2      | Reached XP level 4. HP: 20/27 MP: 7/7
  2764 | D:2      | Reached skill level 1 in Fighting
  3562 | D:3      | Reached skill level 1 in Unarmed Combat
  3721 | D:3      | Slain by an orc

Action                   |  1- 3 |  4- 6 || total
-------------------------+-------+-------++-------
Melee: Unarmed           |   117 |    72 ||   189
 Cast: Freeze            |    21 |     4 ||    25
       Ozocubu's Armour  |     4 |     8 ||    12
       Throw Frost       |       |     1 ||     1
  Use: Scroll            |     2 |       ||     2
       Potion            |       |     1 ||     1
 Stab: Sleeping          |     8 |     7 ||    15
  Eat: Chunk             |     6 |     5 ||    11
